Workbook

Sheet Info zum Tool
A2: Ziel des Tools
A3: Berechnung der Mindestmilchmenge (kg/Tag), die eine zuchtuntaugliche Kuh erzielen
A4: muss, um die variablen Futterkosten abzudecken. Dabei steht das zu betrachtende Tier
A5: in Konkurrenz zur zutretenden Färse. Solange die Altkuh eine höhere Milchleistung hat,
A6: kann darüber nachgedacht werden, die hochtragende Färse, die demnächst nachtritt,
A7: zu verkaufen. Generell kann der berechnete Wert als Orientierungswert dienen. Beson-
A8: ders hohen Einfluss auf diesen Grenzwert haben:
A9: 1. der Milchpreis
A10: 2. der Schlachtkuhpreis
A11: 3. die Kraftfutterpreise
A13: erforderliche Betriebsdaten
A14: Folgende Betriebsdaten sind dazu erforderlich:
... A26: Altmelker- und Hochleistungsration

Sheet Kalkulationsschema
A1: allgemeine Datenanforderung
B2: Jungkuh | C2: Altkuh | D2: Einheit
A3: Fettgehalt gelieferte Milch | B3: 3.85 | C3: 4.1 | D3: %
A4: Eiweißgehalt gelieferte Milch | B4: 3.3 | C4: 3.4 | D4: %
A5: Grundpreis (3,7%; 3,4 %) | B5: 60 | D5: Ct/kg
A6: + Fettkorrektur | B6: 2.35 | D6: Ct/%-Punkt
A7: + Eiweißkorrektur | B7: 4.95 | D7: Ct/%-Punkt | F7: erforderliche Milchleistung Altkuh | G7: =(Tabelle2!C5*100)/((C3/3.7*B6+C4/3.4*B7)+B5)*Tabelle2!B4 -> 15.617174 | H7: kg
A8: Einsatzleistung Jungkuh | B8: 25 | D8: kg
A9: Marktwert Färse | B9: 1800 | D9: €/Tier
A10: Erlös männl. Kälber | B10: 200 | D10: €/Tier
A11: Erlös Schlachtkuh | C11: 1500 | D11: €/Tier
A12: Preis Milchaustauscher | B12: 235 | D12: €/dt
A13: Personalkosten | B13: 19.5 | D13: €/AKh eff
A15: Zusammensetzung der Futterrationen und Futtermittelkosten
B16: Altmelker | C16: HL-Gruppe | D16: €/dt | E16: Jungkühe
B17: kg/Tag | E17: kg/Tag
A18: Grassilage | B18: 18 | C18: 12 | D18: 4.5 | E18: =C18*0.93 -> 11.16
A19: Maissilage | B19: 18 | C19: 24 | D19: 3.5 | E19: =C19*0.93 -> 22.32
A20: Sojaschrot | B20: 0.5 | C20: 1.5 | D20: 27 | E20: =C20*0.93 -> 1.395
A21: Rapsschrot | B21: 1 | C21: 1.5 | D21: 22 | E21: =C21*0.93 -> 1.395
A22: Weizen | B22: 1.5 | C22: 2 | D22: 18 | E22: =C22*0.93 -> 1.86
A23: Trockenschnitzel | B23: 0.5 | C23: 1.5 | D23: 12.5 | E23: =C23*0.93 -> 1.395
A24: Maisschrot | B24: 0.5 | C24: 1.5 | D24: 14 | E24: =C24*0.93 -> 1.395
A25: PSS | B25: 2 | C25: 2 | D25: 2.7 | E25: =C25*0.93 -> 1.86
A26: Zusätze | B26: 0.8 | C26: 1.72 | D26: 100 | E26: =C26*0.93 -> 1.5996
A27: Mineral | B27: 0.1 | C27: 0.15 | D27: 55 | E27: =C27*0.93 -> 0.1395
A28: Kalk | B28: 0.05 | C28: 0.07 | D28: 12.5 | E28: =C28*0.93 -> 0.0651
A29: Summe | B29: =SUM(B18:B28) -> 42.95 | C29: =SUM(C18:C28) -> 47.94 | E29: =SUM(E18:E28) -> 44.5842

Sheet Tabelle2
B1: Altkuh | C1: Jungkuh
A2: Milcherlöse | C2: =(Kalkulationsschema!$B$3/3.7*Kalkulationsschema!$B$6+Kalkulationsschema!$B$4/3.4*Kalkulationsschema!$B$7+Kalkulationsschema!B5)/100*Kalkulationsschema!B8 -> 16.812421 | D2: €/Tag
A3: Kosten Fütterung Kuh | B3: =SUMPRODUCT(Kalkulationsschema!B18:B28,Kalkulationsschema!$D$18:$D$28)/100 -> 3.11275 | C3: =SUMPRODUCT(Kalkulationsschema!E18:E28,Kalkulationsschema!$D$18:$D$28)/100 -> 4.4061075 | D3: €/Tag
A4: Faktor Tiererlöse | B4: =B12/C12 -> 0.85037629
A5: Deckungsbeitrag Jungkuh | C5: =C2-C3 -> 12.406313 | D5: €/Tag
A7: Erlöse Tierkategorie | B7: Altkuh | C7: Jungkuh
A8: Erlöse Kuh (€/Tier) | B8: =Kalkulationsschema!C11 -> 1500 | C8: =Kalkulationsschema!B9 -> 1800
A9: Erlöse Kalb (€/Tier) | C9: =Kalkulationsschema!B10*0.49*0.9 -> 88.2
A10: Kosten MAT | C10: =1.8*Kalkulationsschema!$B$12/100*25 -> 105.75
A11: Personalkosten Kalbung/Kalb | C11: =Kalkulationsschema!B13*0.75+12/60*Kalkulationsschema!B13 -> 18.525
A12: Summe | B12: =SUM(B8:B11) -> 1500 | C12: =C8+C9-C10-C11 -> 1763.925
